 Dungeon Crawl Stone Soup version 0.28.0-45-g0d030f2227 (webtiles) character file.

Game seed: 321666657428217947

2086 raph the Destroyer (level 9, -3/51 HPs)
             Began as a Deep Elf Conjurer on May 22, 2022.
             Was a Follower of Vehumet.
             Slain by Harold
             ... wielding a +0 long sword
              (16 damage)
             ... while paralysed by Harold
             ... on level 7 of the Dungeon.
             The game lasted 00:12:51 (10303 turns).

raph the Destroyer (Deep Elf Conjurer)             Turns: 10303, Time: 00:12:52

Health: -3/51      AC:  2    Str:  4    XL:     9   Next: 6%
Magic:  17/20      EV:  2    Int: 28    God:    Vehumet [*.....]
Gold:   313        SH:  0    Dex: 13    Spells: 5/20 levels left

rFire   . . .      SeeInvis .   s - +2 long sword (freeze)
rCold   + . .      Faith    .   o - +0 buckler
rNeg    . . .      Spirit   .   a - +0 robe
rPois   +          Reflect  .   (no helmet)
rElec   .          Harm     .   (no cloak)
rCorr   .          Rampage  .   (no gloves)
Will    .....                   (no boots)
Stlth   +++.......              (no amulet)
HPRegen 0.17/turn               g - ring of protection from cold
MPRegen 0.17/turn               d - ring of poison resistance

@: paralysed, marked, very slightly contaminated
A: no striking features
a: Renounce Religion


You were on level 7 of the Dungeon.
You worshipped Vehumet.
Vehumet was aware of your devotion.
You visited 2 branches of the dungeon, and saw 8 of its levels.

You collected 313 gold pieces.

Inventory:

Hand Weapons
 m - a +3 trident
 p - a +0 rapier
 q - a +1 vampiric dagger
 s - a +2 long sword of freezing (weapon)
Missiles
 b - 164 stones
 u - 2 throwing nets
Armour
 a - a +0 robe (worn)
 o - a +0 buckler (worn)
Jewellery
 d - a ring of poison resistance (right hand)
 g - a ring of protection from cold (left hand)
Wands
 r - a wand of charming (6)
Scrolls
 c - 2 scrolls of teleportation
 v - a scroll of fog
Potions
 e - a potion of magic
 f - a potion of haste {unknown}
 h - 4 potions of heal wounds
 i - a potion of ambrosia {unknown}
 j - a potion of resistance {unknown}
 k - 2 potions of attraction
 l - 2 potions of might {unknown}
 n - 2 potions of mutation {unknown}
 t - a potion of cancellation {unknown}
 z - a potion of curing {unknown}


   Skills:
 + Level 3.3 Fighting
 + Level 5.6 Dodging
 + Level 6.2 Stealth
 + Level 3.1 Shields
 + Level 6.4 Spellcasting
 * Level 8.3 Conjurations
 + Level 3.1 Hexes


You had 5 spell levels left.
You knew the following spells:

 Your Spells              Type           Power      Damage    Failure   Level
a - Magic Dart            Conj           100%       1d8       1%          1
b - Searing Ray           Conj           100%       2d8       1%          2
c - Call Imp              Summ           9%         N/A       12%         2
d - Dazzling Flash        Conj/Hex       82%        N/A       2%          3
e - Mephitic Cloud        Conj/Pois/Air  24%        N/A       8%          3
f - Fulminant Prism       Conj/Hex       20%        3d13      7%          4

Your spell library contained the following spells:

 Spells                   Type           Power      Damage    Failure   Level
 Freeze                   Ice            36%        1d6       8%          1
 Pain                     Necr           36%        1d5       8%          1
 Summon Small Mammal      Summ           36%        N/A       8%          1
 Inner Flame              Hex/Fire       17%        N/A       12%         3
 Summon Guardian Golem    Hex/Summ       17%        N/A       12%         3
 Iskenderun's Mystic Bla  Conj/Tloc      32%        2d8       14%         4
 Call Canine Familiar     Summ           9%         N/A       22%         3
 Cause Fear               Hex            13%        N/A       22%         4
 Agony                    Necr           9%         N/A       91%         5
 Excruciating Wounds      Necr           4%         N/A       91%         5
 Discord                  Hex            13%        N/A       100%        8


Dungeon Overview and Level Annotations

Branches:
Dungeon (7/15)             Temple (1/1) D:5

Altars:
Ashenzari
Cheibriados
Kikubaaqudgha
Makhleb
Nemelex Xobeh
Qazlal
Ru
Vehumet
Wu Jian

Annotations:
D:7 Harold


Message History

There is an open door here.
You open the door.
There is an open door here.
Done exploring.
Done exploring.
Okay, then.
Done exploring.
You open the door.
There is an open door here.
There is a stone staircase leading down here.
You climb downwards.
Found 12 gold pieces.
There is a stone staircase leading up here.
You now have 313 gold pieces (gained 12).
Found a stone staircase leading down.
Harold the Weathered comes into view.
He is wielding a +0 long sword and carrying a wand of paralysis (9).
Harold shouts!
Casting: Magic Dart (safe; 1% risk of failure)
Confirm with . or Enter, or press ? or * to list all spells.
You can't see any susceptible monsters within range! (Use Z to cast anyway.) Harold fires a harpoon shot at you.
The harpoon shot hits you!
You are yanked forward by the harpoon shot.
Found 27 gold pieces.
Casting: Magic Dart (safe; 1% risk of failure)
Confirm with . or Enter, or press ? or * to list all spells.
Aiming: Mephitic Cloud (dangerous; 8% risk of failure)
Press: ? - help, Shift-Dir - straight line, f - Harold
Aim: Harold, wielding a +0 long sword, wearing a +0 scale mail, quivering 4 throwing nets and carrying a wand of paralysis (9) (chance to affect: 58%)
You miscast Mephitic Cloud.
You are very lightly contaminated with residual magic.
Nothing appears to happen.
Harold zaps a wand.
You suddenly lose the ability to move!
Harold hits you with a +0 long sword!!
* * * LOW HITPOINT WARNING * * *
Harold zaps a wand.
You shrug off the repeated paralysis!
Harold casts a spell at you. A sentinel's mark forms upon you.
Harold hits you with a +0 long sword!
You die...

##...###<.....#
#.............#
.###....###.....##
.........##.....#
.###.....##...###
.........>.#..#
.#./...!..##..#
.........## .#.
.#.....@..# ..##
##....@.....#
............##
###.##......# #
#..$...# .......#
###.#..# ....#


You could see Harold.

Vanquished Creatures
  Eustachio (D:4)
  Menkaure (D:5)
  Duvessa (D:5)
  A black bear (D:6)
  3 centaurs
  A kobold brigand (D:6)
  3 scorpions
  2 wyvern zombies (D:5)
  A water moccasin skeleton (D:6)
  5 killer bees (D:5)
  Dowan (D:5)
  A bullfrog zombie (D:5)
  3 jellies
  4 hounds
  A gnoll shaman (D:5)
  2 orc priests (D:5)
  2 bullfrog skeletons
  An iguana (D:5)
  Ijyb (D:3)
  2 orc wizards (D:6)
  7 adders
  9 gnolls
  A worm (D:4)
  4 dart slugs
  9 orcs
  4 ball pythons
  4 endoplasms
  2 giant cockroaches
  6 goblins
  5 hobgoblins
  8 jackals
  2 quokkas
  4 bats
  2 frilled lizards (D:2)
  6 kobolds
  8 rats
118 creatures vanquished.

Vanquished Creatures (others)
  A fulminant prism (D:6)
  A plant (D:1)
2 creatures vanquished.

Grand Total: 120 creatures vanquished

Notes
Turn   | Place    | Note
-------+----------+-------------------------------------------
     0 | D:1      | raph the Deep Elf Conjurer began the quest for the Orb.
     0 | D:1      | Reached XP level 1. HP: 10/10 MP: 6/6
   398 | D:1      | Reached XP level 2. HP: 8/15 MP: 4/8
   749 | D:1      | Learned a level 2 spell: Searing Ray
  1453 | D:1      | Found a stormy altar of Qazlal.
  1969 | D:2      | Learned a level 2 spell: Call Imp
  2088 | D:2      | Found a burning altar of Makhleb.
  2363 | D:2      | Reached XP level 3. HP: 20/20 MP: 6/9
  2425 | D:2      | Found a faded altar of an unknown god.
  2904 | D:2      | Reached skill level 5 in Conjurations
  3048 | D:2      | Learned a level 3 spell: Dazzling Flash
  3572 | D:3      | Reached XP level 4. HP: 24/24 MP: 6/11
  3647 | D:3      | Found a radiant altar of Vehumet.
  3647 | D:3      | Found a sparkling altar of Nemelex Xobeh.
  3647 | D:3      | Found a snail-covered altar of Cheibriados.
  3648 | D:3      | Found a broken altar of Ashenzari.
  3655 | D:3      | Became a worshipper of Vehumet
  3714 | D:3      | Noticed Ijyb
  3984 | D:4      | Reached skill level 1 in Fighting
  4279 | D:4      | Reached XP level 5. HP: 29/29 MP: 8/13
  4357 | D:4      | Noticed Eustachio
  4369 | D:4      | Killed Eustachio
  4370 | D:4      | Reached skill level 1 in Shields
  4370 | D:4      | Reached XP level 6. HP: 22/34 MP: 2/14
  5051 | D:3      | Learned a level 3 spell: Mephitic Cloud
  5198 | D:3      | Killed Ijyb
  5513 | D:3      | Reached skill level 6 in Conjurations
  5911 | D:5      | Entered Level 5 of the Dungeon
  6353 | D:5      | Noticed Menkaure
  6354 | D:5      | Noticed Dowan
  6718 | D:5      | Found a staircase to the Ecumenical Temple.
  6725 | D:5      | Reached XP level 7. HP: 40/40 MP: 11/16
  6811 | D:5      | Reached skill level 5 in Spellcasting
  6888 | D:5      | Noticed Duvessa
  6913 | D:5      | Killed Duvessa
  6921 | Temple   | Entered the Ecumenical Temple
  7128 | D:5      | Reached skill level 5 in Stealth
  7167 | D:5      | Reached skill level 7 in Conjurations
  7258 | D:5      | Learned a level 4 spell: Fulminant Prism
  7296 | D:5      | Reached XP level 8. HP: 22/45 MP: 13/18
  8139 | D:5      | Killed Dowan
  8139 | D:5      | Reached * piety under Vehumet
  8139 | D:5      | Offered knowledge of Freeze by Vehumet.
  8140 | D:5      | Reached skill level 5 in Dodging
  8140 | D:5      | Reached skill level 1 in Hexes
  8492 | D:5      | Killed Menkaure
  9355 | D:6      | Reached skill level 8 in Conjurations
 10108 | D:6      | Reached XP level 9. HP: 46/51 MP: 9/20
 10297 | D:7      | Noticed Harold
 10299 | D:7      | Paralysed by Harold for 7 turns
 10303 | D:7      | Slain by Harold

Illustrated notes

Levels and vault maps discovered:
D:1:      dpeg_arrival_prison, layout_basic, serial_forest,
          infiniplex_forest_end_double, infiniplex_forest_lined_1,
          infiniplex_forest_clump_small, infiniplex_forest_lined_2,
          infiniplex_forest_clump_medium, infiniplex_forest_clump_long,
          infiniplex_forest_zigzag_1, infiniplex_forest_straight_1,
          infiniplex_forest_clump_tiny, infiniplex_forest_clump_cross,
          fountainhead, kennysheep_flooded_box
D:2:      layout_loops_corners, chequers_ecumenical_altar_simple, basic_altar
D:3:      layout_loops_ring, minitemple, st_stairs_1, uniq_ijyb
D:4:      layout_cave_pools, uniq_eustachio
D:5:      layout_basic, minmay_temple_entry_trees, nrook_mini_vaults,
          uniq_duvessa, uniq_menkaure
D:6:      layout_gridville
D:7:      layout_loops_ring, serial_shops, nicolae_shop_advertising_works
          [nicolae_subvault_shop_adworks], shop, uniq_harold, uniq_joseph
Temple:   compressed_dpeg_circular_temple

Skill      XL: |  1  2  3  4  5  6  7  8 |
---------------+-------------------------+-----
Stealth        | 3 4 5 6 |  6.2
Conjurations   | 5 6 7 8 |  8.3
Dodging        | 3 4 5 |  5.6
Fighting       | 1 2 3 |  3.3
Spellcasting   | 4 5 6 |  6.4
Shields        | 1 2 3 |  3.1
Hexes          | 3 |  3.1

Action                   |  1- 3 |  4- 6 |  7- 9 || total
-------------------------+-------+-------+-------++-------
Melee: Hand axe          |     3 |       |       ||     3
       Short sword       |     5 |       |       ||     5
       Trident           |    11 |     4 |       ||    15
       Dagger            |       |     2 |       ||     2
       Long sword        |       |       |    10 ||    10
 Cast: Magic Dart        |    30 |    14 |     9 ||    53
       Searing Ray       |    15 |    28 |    38 ||    81
       Dazzling Flash    |       |     1 |     1 ||     2
       Call Imp          |       |     1 |       ||     1
       Mephitic Cloud    |       |       |     9 ||     9
       Fulminant Prism   |       |       |     1 ||     1
  Use: Scroll            |     4 |     2 |     6 ||    12
 Stab: Sleeping          |     2 |       |       ||     2
Armor: Robe              |     4 |     3 |     1 ||     8
Dodge: Dodged            |    24 |    22 |    22 ||    68
Block: Buckler           |       |     7 |     9 ||    16
